 Dungeon Crawl Stone Soup version 0.28-a0-1616-g050a50673c (webtiles) character file.

Game seed: 10361928285916557972

1225 dracfodder the Digger (level 8, -1/42 HPs)
             Began as a Gargoyle Earth Elementalist on Jan 23, 2022.
             Slain by Duvessa (7 damage)
             ... on level 6 of the Dungeon.
             The game lasted 00:43:13 (6628 turns).

dracfodder the Digger (Gargoyle Earth Elementalist) Turns: 6628, Time: 00:43:15

Health: -1/42      AC: 10    Str: 13    XL:     8   Next: 47%
Magic:  1/18       EV: 12    Int: 17    God:
Gold:   252        SH:  0    Dex: 10    Spells: 14/20 levels left

rFire   . . .      SeeInvis .   a - +0 mace
rCold   . . .      Faith    .   (no shield)
rNeg    + . .      Spirit   .   p - +0 robe
rPois   ∞          Reflect  .   s - +1 helmet
rElec   +          Harm     .   e - +0 cloak
rCorr   .          Rampage  .   (no gloves)
Will    .....                   (no boots)
Stlth   ++........              (no amulet)
HPRegen 0.14/turn               v - ring of wizardry
MPRegen 0.16/turn               (no ring)

@: no status effects
A: sickness immunity, AC +5, negative energy resistance 1, electricity
resistance, torment resistance 1, petrification resistance
a: no special abilities


You were on level 6 of the Dungeon.
You visited 1 branch of the dungeon, and saw 6 of its levels.

You collected 252 gold pieces.

Inventory:

Hand Weapons
 a - a +0 mace (weapon)
 b - a +0 hunting sling
Missiles
 c - 85 stones
 f - 57 bolts
 k - 51 sling bullets
 n - 5 boomerangs
 q - 101 arrows
 t - 2 poisoned darts
Armour
 e - a +0 cloak (worn)
 h - a +0 helmet
 i - a scarf of shadows
 m - the +2 hat "Qihomp" {Rampage rF+}
   (You found it on level 3 of the Dungeon)

   rF:        It protects you from fire.
   Rampage:   It bestows one free step when moving towards enemies.
 p - a +0 robe (worn)
 s - a +1 helmet (worn)
Jewellery
 v - a ring of wizardry (left hand)
Scrolls
 j - a scroll of teleportation
 o - a scroll of summoning {unknown}
 r - a scroll of amnesia
 y - a scroll of identify {unknown}
Potions
 d - a potion of brilliance
 g - 5 potions of curing
 l - a potion of mutation {unknown}
 u - a potion of resistance {unknown}
 w - 2 potions of attraction {unknown}
 x - a potion of might {unknown}


   Skills:
 + Level 0.4 Fighting
 + Level 1.2 Maces & Flails
 + Level 1.1(1.2) Slings
 + Level 0.7(1.1) Throwing
 + Level 1.9 Dodging
 + Level 3.0 Stealth
 * Level 6.8 Spellcasting
 * Level 3.2 Conjurations
 + Level 0.7 Transmutations
 + Level 6.9 Earth Magic


You had 14 spell levels left.
You knew the following spells:

 Your Spells              Type           Power      Damage    Failure   Level
a - Sandblast             Erth           58%        2d13      1%          1
b - Passwall              Tmut/Erth      15%        N/A       1%          2
c - Stone Arrow           Conj/Erth      46%        3d9       1%          3

Your spell library contained the following spells:

 Spells                   Type           Power      Damage    Failure   Level
 Animate Skeleton         Necr           10%        N/A       4%          1
 Pain                     Necr           20%        1d5       4%          1
 Dazzling Flash           Conj/Hex       22%        N/A       8%          3
 Petrify                  Tmut/Erth      18%        N/A       10%         4
 Vampiric Draining        Necr           5%         2d6       14%         3
 Agony                    Necr           5%         N/A       75%         5
 Silence                  Hex/Air        2%         N/A       75%         5


Dungeon Overview and Level Annotations

Branches:
Dungeon (6/15)
 Temple: D:4-7

Altars:
Dithmenos
Gozag
Makhleb
Okawaru
Qazlal
Trog

Shops:
D:5 :

Annotations:
D:5 3 runed translucent doors, bande's ghost, novice GrFi
D:6 Duvessa


Innate Abilities, Weirdness & Mutations

You are immune to sickness and miasma.
Your stone body is resilient. (AC +5)
You are immune to poison.
You resist negative energy. (rN+)
You are resistant to electric shocks. (rElec)
You are resistant to unholy torment.
You are immune to petrification.


Message History

Press: ? - help, Shift-Dir - straight line, f/p - Duvessa
Aim: Duvessa, wielding a +0 short sword and wearing a +0 scale mail (almost dead, 86% to hit)
The blast of sand hits Duvessa but does no damage.
Duvessa is almost dead.
c - 85 stones Duvessa hits you but does no damage.
You hit Duvessa but do no damage.
Duvessa is almost dead.
Duvessa hits you with a +0 short sword!
You hit Duvessa but do no damage.
Duvessa is almost dead.
The bat zombie hits you but does no damage. x2
The bat zombie barely misses you. Duvessa closely misses you.
The bat zombie misses you.
You hit Duvessa.
Duvessa is almost dead.
The bat zombie hits you but does no damage. x2
The bat zombie misses you. Duvessa misses you. The bat zombie hits you.
Duvessa closely misses you.
You hit Duvessa but do no damage.
Duvessa is almost dead.
The bat zombie hits you but does no damage. x2
The bat zombie hits you. Duvessa says, "Did you see that move?
Perfect!"
Duvessa hits you with a +0 short sword.
* * * LOW HITPOINT WARNING * * *
The bat zombie hits you but does no damage.
You completely miss Duvessa.
Duvessa is almost dead.
The bat zombie closely misses you.
The bat zombie hits you but does no damage.
Duvessa barely misses you. The bat zombie completely misses you.
You hit Duvessa.
Duvessa is almost dead.
The bat zombie barely misses you.
The bat zombie hits you but does no damage. x2
Duvessa hits you with a +0 short sword.
* * * LOW HITPOINT WARNING * * *
The bat zombie barely misses you. Duvessa hits you with a +0 short sword!
You die...

.# ... ## ###....
#.# #......##.
##..##.........
#.............$.
#..............#
#..@##..........
##..Ze).........#
#....)))........#
#..#............##
#...#..)..........
#..####.........##
#.. ##.........#
#.. #......##..#
#..##......##..#


You could see Duvessa and a bat zombie.

Vanquished Creatures
  An ice beast (D:5)
  2 black bears (D:5)
  2 ogres (D:5)
  A centaur (D:5)
  2 phantoms
  A scorpion (D:5)
  4 hounds
  2 jellies (D:5)
  2 orc priests
  3 orc wizards
  6 adders
  3 worms
  4 dart slugs
  24 orcs
  8 bats
  5 endoplasms
  6 giant cockroaches
  5 goblins
  4 hobgoblins
  4 jackals
  5 kobolds
  2 quokkas
  5 ball pythons
  5 frilled lizards
  A jackal skeleton (D:4)
  6 rats
113 creatures vanquished.

Notes
Turn   | Place    | Note
-------+----------+-------------------------------------------
     0 | D:1      | dracfodder the Gargoyle Earth Elementalist began the quest
                  | for the Orb.
     0 | D:1      | Reached XP level 1. HP: 10/10 MP: 3/3
    66 | D:1      | Reached XP level 2. HP: 14/15 MP: 1/5
   914 | D:1      | Reached XP level 3. HP: 19/19 MP: 6/6
   917 | D:1      | Learned a level 2 spell: Passwall
   921 | D:1      | Learned a level 3 spell: Stone Arrow
  1552 | D:2      | You fall into a shaft and drop 1 floor!
  1586 | D:2      | Found a faded altar of an unknown god.
  2276 | D:2      | Reached XP level 4. HP: 24/24 MP: 6/8
  3053 | D:3      | Reached skill level 1 in Conjurations
  3125 | D:3      | Reached XP level 5. HP: 28/28 MP: 1/10
  3295 | D:3      | Identified the +2 hat "Qihomp" {Rampage rF+}
  3430 | D:3      | Reached skill level 5 in Earth Magic
  4135 | D:4      | Reached XP level 6. HP: 32/32 MP: 8/12
  4202 | D:4      | Found a burning altar of Makhleb.
  4356 | D:5      | Entered Level 5 of the Dungeon
  4596 | D:4      | Found a stormy altar of Qazlal.
  4668 | D:4      | Found a bloodstained altar of Trog.
  5217 | D:5      | Noticed an ice beast
  5223 | D:5      | Reached skill level 5 in Spellcasting
  5223 | D:5      | Reached XP level 7. HP: 36/36 MP: 12/14
  5338 | D:5      | Reached skill level 1 in Maces & Flails
  5482 | D:5      | Found Fynuexaq's Book Shoppe.
  5522 | D:5      | Found a runed translucent gate.
  5522 | D:5      | Found a runed translucent gate.
  5522 | D:5      | Found a runed translucent gate.
  5525 | D:5      | Found an opulent altar of Gozag.
  5556 | D:5      | Found an iron altar of Okawaru.
  5628 | D:5      | Reached XP level 8. HP: 39/41 MP: 5/17
  6033 | D:5      | Identified the +4 chain mail of Gafuy {*Corrode rN++ Will-
                  | Regen+}
  6224 | D:5      | Found a shadowy altar of Dithmenos.
  6311 | D:5      | Noticed bande's ghost (novice GrFi)
  6311 | D:5      | Noticed a two-headed ogre
  6374 | D:6      | Reached skill level 1 in Slings
  6608 | D:6      | Noticed Duvessa
  6628 | D:6      | Slain by Duvessa

Illustrated notes

Levels and vault maps discovered:
D:1:      sevenhm_arrival_forest_fort_large_4, layout_basic
D:2:      layout_loops_corners, ebering_ecumenical_altar_abandoned
D:3:      cheibrodos_old_hovel, layout_rooms
D:4:      layout_rooms, makhleb_heckhound_becter, mainiacjoe_overflow_paths,
          lightli_temple_of_fire, kennysheep_decorative_pillar
D:5:      layout_cave_pods, grunt_temple_overflow_open, serial_shops,
          nicolae_lakefront_shop, ebering_ghost_gozag
D:6:      layout_cave_pools, lemuel_zombie_altar_kikubaaqudgha,
          minmay_temple_entry_statues, uniq_duvessa

Skill      XL: |  1  2  3  4  5  6  7  8 |
---------------+-------------------------+-----
Earth Magic    | 4 5 6 |  6.9
Spellcasting   | 3 4 5 6 |  6.8
Conjurations   | 1 2 3 |  3.2
Maces & Flails | 1 |  1.2
Slings         | 1 |  1.1
Stealth        | 3 |  3.0
Fighting       | |  0.4
Throwing       | |  0.7
Dodging        | |  1.9
Transmutations | |  0.7

Action                   |  1- 3 |  4- 6 |  7- 9 || total
-------------------------+-------+-------+-------++-------
Melee: Unarmed           |     2 |       |       ||     2
       Punch             |     1 |       |     1 ||     2
       Mace              |    28 |    15 |    16 ||    59
 Fire: Hunting sling     |       |       |    20 ||    20
Throw: Boomerang         |       |    12 |       ||    12
       Dart              |       |    11 |       ||    11
 Cast: Sandblast         |    35 |    69 |    36 ||   140
       Stone Arrow       |     2 |    20 |    21 ||    43
  Use: Scroll            |     3 |     4 |       ||     7
       Potion            |       |     2 |       ||     2
Armor: Robe              |    21 |    24 |    27 ||    72
Dodge: Dodged            |    20 |    38 |    19 ||    77

Table legend: (Time is in decaauts)
 A = Elapsed time spent in this place.
 B = Non-inter-level travel time spent in this place.
 C = Inter-level travel time spent in this place.
 D = Time resting spent in this place.
 E = Time spent auto-exploring this place.
 F = Levels seen in this place.
 G = Mean time per level.
                   A        B        C        D        E       F      G
               +--------+--------+--------+--------+--------+-----+--------+
         Total |   6658 |   6517 |    141 |   1571 |   3949 |   6 | 1109.7 |
       Dungeon |   6658 |   6517 |    141 |   1571 |   3949 |   6 | 1109.7 |
               +--------+--------+--------+--------+--------+-----+--------+

Top non-repeatable levels by time:
     D:5: 1556 daAuts
     D:2: 1472 daAuts
     D:1: 1291 daAuts
     D:3: 1037 daAuts
     D:4: 1005 daAuts
     D:6: 295 daAuts
